 Dungeon Crawl Stone Soup version 0.28.0-53-g5a82cb258f (webtiles) character file.

Game seed: 9299174296505548937

3292 Tiocfaidh the Covert (level 10, -5/65 HPs)
             Began as an Octopode Brigand on May 30, 2022.
             Was a Follower of Dithmenos.
             Slain by a two-headed ogre
             ... wielding a +0 giant club
              (31 damage)
             ... on level 8 of the Dungeon.
             The game lasted 00:41:38 (8507 turns).

Tiocfaidh the Covert (Octopode Brigand)             Turns: 8507, Time: 00:41:38

Health: -5/65      AC:  1    Str: 20    XL:     10   Next: 1%
Magic:  12/12      EV: 12    Int: 15    God:    Dithmenos [*.....]
Gold:   271        SH: 16    Dex: 24    Spells: 11/12 levels left

rFire   . . .      SeeInvis .   l - +9 spear of Eseusoz {drain, rPois Str+3 Int+2}
rCold   . . .      Faith    .   r - +0 tower shield
rNeg    . . .      Spirit   .   (helmet restricted)
rPois   +          Reflect  .   (no amulet)
rElec   .          Harm     .   m - +6 ring of dexterity
rCorr   +          Rampage  .   s - ring of resist corrosion
Will    .....                   C - +6 ring of strength
Stlth   ++++++++..              (no ring)
HPRegen 0.20/turn               (no ring)
MPRegen 0.13/turn               (no ring)
                                (no ring)
                                (no ring)

@: wreathed by umbra
A: almost no armour, amphibious, 8 rings, camouflage 1, gelatinous body 1,
(nimble swimmer 1), tentacles
a: Renounce Religion


You were on level 8 of the Dungeon.
You worshipped Dithmenos.
Dithmenos was aware of your devotion.
You visited 2 branches of the dungeon, and saw 9 of its levels.

You collected 419 gold pieces.
You spent 148 gold pieces at shops.

Inventory:

Hand Weapons
 h - the +6 mace "Zutt" {drain, rF+ Str+4}
   (You found it on level 2 of the Dungeon)

   A truly terrible weapon, it drains the life of any living foe it strikes.
   Str:       It affects your strength (+4).
   rF:        It protects you from fire.
 l - the +9 spear of Eseusoz (weapon) {drain, rPois Str+3 Int+2}
   (You found it on level 2 of the Dungeon)

   A truly terrible weapon, it drains the life of any living foe it strikes.
   Str:       It affects your strength (+3).
   Int:       It affects your intelligence (+2).
   rPois:     It protects you from poison.
Missiles
 b - 6 poisoned darts (quivered)
Armour
 r - a +0 tower shield (worn)
Jewellery
 m - a +6 ring of dexterity (left tentacle)
 s - a ring of resist corrosion (right tentacle)
 C - a +6 ring of strength (on tentacle)
Wands
 n - a wand of iceblast (8)
 w - a wand of acid (9)
 y - a wand of flame (18)
Scrolls
 e - 2 scrolls of blinking
 f - a scroll of torment {unknown}
 g - 2 scrolls of enchant weapon {unknown}
 i - a scroll of brand weapon {unknown}
 k - 2 scrolls of fog {unknown}
 o - a scroll of amnesia {unknown}
 t - a scroll of enchant armour {unknown}
 v - a scroll of magic mapping {unknown}
 x - a scroll of teleportation {unknown}
 A - a scroll of fear {unknown}
Potions
 a - 3 potions of ambrosia
 d - a potion of heal wounds
 j - a potion of haste
 p - 3 potions of brilliance
 q - 2 potions of might
 u - a potion of berserk rage
 z - a potion of lignification {unknown}
 B - a potion of flight {unknown}


   Skills:
 + Level 4.3 Fighting
 + Level 2.3 Short Blades
 + Level 2.7 Maces & Flails
 + Level 6.9 Polearms
 + Level 3.0 Throwing
 + Level 4.4 Dodging
 + Level 11.5 Stealth
 + Level 4.2 Shields
 + Level 1.7 Spellcasting
 + Level 1.0 Conjurations
 + Level 2.0 Fire Magic
 + Level 1.0 Evocations


You had 11 spell levels left.
You knew the following spells:

 Your Spells              Type           Power      Damage    Failure   Level
a - Foxfire               Conj/Fire      20%        2x1d5     82%         1

Your spell library contained the following spells:

 Spells                   Type           Power      Damage    Failure   Level
 Conjure Flame            Conj/Fire      5%         6-21      99%         3
 Inner Flame              Hex/Fire       4%         N/A       99%         3
 Tukima's Dance           Hex            1%         N/A       100%        3
 Flame Wave               Conj/Fire      5%         2d5       100%        4
 Passage of Golubria      Tloc           1%         N/A       100%        4
 Yara's Violent Unravell  Hex/Tmut       0%         3d3       100%        5


Dungeon Overview and Level Annotations

Branches:
Dungeon (8/15)             Temple (1/1) D:6
   Lair: D:8-11

Altars:
Ashenzari
Cheibriados
Dithmenos
Elyvilon
Gozag
Hepliaklqana
Kikubaaqudgha
Makhleb
Nemelex Xobeh
Qazlal
Ru
Sif Muna
Trog
Vehumet
Wu Jian
Xom
Yredelemnul
Zin
The Shining One

Shops:
D:3 *   D:6 =?


Innate Abilities, Weirdness & Mutations

You cannot wear most types of armour.
You are amphibious.
You can wear up to eight rings at the same time.
Your skin changes colour to match your surroundings (Stealth+).
Your rubbery body absorbs attacks. (AC +1, EV +1)
((You are camouflaged when in or above water. (Stealth+)))
You have tentacles for arms and can constrict up to eight enemies at once.


Message History

The two-headed ogre is heavily wounded.
Throw: 10 darts (poison)
Press: ? - help, Q - select action, (/) - cycle Shift-Dir - straight line, f/p - two-headed ogre
Aim: a two-headed ogre, wielding a +0 giant club and a +0 giant spiked club (heavily wounded, poisoned, umbra, 79% to hit)
You throw a poisoned dart.
The poisoned dart hits the two-headed ogre.
The two-headed ogre looks even sicker.
The two-headed ogre is heavily wounded.
You block the two-headed ogre's attack. The two-headed ogre barely misses you.
You block the rat's attack.
Throw: 9 darts (poison)
Press: ? - help, Q - select action, (/) - cycle Shift-Dir - straight line, f/p - two-headed ogre
Aim: a two-headed ogre, wielding a +0 giant club and a +0 giant spiked club (severely wounded, poisoned, umbra, 79% to hit)
Okay, then.
Throw: 9 darts (poison)
Press: ? - help, Q - select action, (/) - cycle Shift-Dir - straight line, f/p - two-headed ogre
Aim: a two-headed ogre, wielding a +0 giant club and a +0 giant spiked club (severely wounded, poisoned, umbra, 79% to hit)
You throw a poisoned dart.
The poisoned dart hits the two-headed ogre.
The two-headed ogre looks even sicker.
The two-headed ogre is severely wounded.
You block the two-headed ogre's attack. x2
Throw: 8 darts (poison)
Press: ? - help, Q - select action, (/) - cycle Shift-Dir - straight line, f/p - two-headed ogre
Aim: a two-headed ogre, wielding a +0 giant club and a +0 giant spiked club (severely wounded, poisoned, 79% to hit)
You throw a poisoned dart.
The poisoned dart barely misses the two-headed ogre.
Throw: 7 darts (poison)
Press: ? - help, Q - select action, (/) - cycle Shift-Dir - straight line, f/p - two-headed ogre
Aim: a two-headed ogre, wielding a +0 giant club and a +0 giant spiked club (severely wounded, poisoned, umbra, 79% to hit)
You throw a poisoned dart.
The poisoned dart hits the two-headed ogre!
The two-headed ogre looks even sicker.
The two-headed ogre is severely wounded.
You puncture the two-headed ogre! You tentacle-slap the two-headed ogre.
Your squeeze misses the two-headed ogre.
The two-headed ogre is almost dead.
You block the two-headed ogre's attack.
The two-headed ogre hits you with a +0 giant spiked club!!
You die...

.##......รท......#
.##.............#
.###########'#######
.#.................# ###
.#.................#......
.#.................#......
.#.................'.....
.#.................###'#####
############)#..@...........
#.....#..Or..........
#.....)).............
#.....#).............
####..#.)..............
#.....#######......####
##.....# #..(...# #.....#
#......# #.....# #......+


You could see a two-headed ogre (very poisoned) and a rat.

Vanquished Creatures
  A steam dragon (D:7)
  Edmund (D:5)
  2 water moccasins
  2 necrophages
  5 ogres
  The ghost of enile the Firebug, an amateur OpFE of Ashenzari (D:3)
  A kobold brigand (D:8)
  Blork the orc (D:6)
  4 bullfrogs
  A wyvern zombie (D:4)
  A water moccasin zombie (D:5)
  5 killer bees (D:8)
  3 howler monkeys (D:7)
  A centaur zombie (D:5)
  2 bullfrog skeletons
  4 jellies
  3 centaur skeletons
  3 orc priests
  3 gnoll shamans
  3 hounds
  6 orc wizards
  Natasha (thrice) (D:3)
  2 iguanas (D:5)
  A hell rat (D:8)
  2 killer bee zombies (D:7)
  2 hound zombies (D:5)
  A hound skeleton (D:4)
  12 gnolls
  7 adders
  9 river rats (D:8)
  A white imp (D:6)
  3 ufetubi
  5 worms
  3 dart slugs
  16 orcs
  8 ball pythons
  8 endoplasms
  4 giant cockroaches
  7 goblins
  5 hobgoblins
  9 quokkas
  4 bats
  4 frilled lizards
  7 kobolds
  17 rats
193 creatures vanquished.

Vanquished Creatures (others)
  A wizard (D:5)
  13 foxfires (D:4)
  2 plants (D:3)
  3 withered plants (D:8)
19 creatures vanquished.

Grand Total: 212 creatures vanquished

Notes
Turn   | Place    | Note
-------+----------+-------------------------------------------
     0 | D:1      | Tiocfaidh the Octopode Brigand began the quest for the Orb.
     0 | D:1      | Reached XP level 1. HP: 14/14 MP: 1/1
   198 | D:1      | Reached XP level 2. HP: 10/19 MP: 2/2
   356 | D:1      | Found a faded altar of an unknown god.
   523 | D:1      | Reached skill level 6 in Stealth
  1154 | D:2      | Reached XP level 3. HP: 24/24 MP: 3/3
  1172 | D:2      | Identified the +6 mace "Zutt" {drain, rF+ Str+4}
  1423 | D:2      | Reached skill level 7 in Stealth
  1423 | D:2      | Reached XP level 4. HP: 22/29 MP: 4/4
  1721 | D:2      | Identified the +9 spear of Eseusoz {drain, rPois Str+3
                  | Int+2}
  1878 | D:3      | Noticed Natasha
  1886 | D:3      | Noticed a bullfrog
  1889 | D:3      | Killed Natasha
  1890 | D:3      | Found a runed translucent door.
  1995 | D:3      | Found an ancient bone altar of Kikubaaqudgha.
  2217 | D:3      | Noticed Natasha
  2222 | D:3      | Killed Natasha
  2223 | D:3      | Reached skill level 1 in Polearms
  2223 | D:3      | Reached XP level 5. HP: 32/35 MP: 5/5
  2279 | D:3      | Reached skill level 1 in Maces & Flails
  2288 | D:3      | Reached skill level 8 in Stealth
  2544 | D:3      | Learned a level 1 spell: Foxfire
  2638 | D:3      | Found Hujusoe's General Store.
  2646 | D:3      | Bought a scroll of identify for 22 gold pieces
  2721 | D:3      | Noticed Natasha
  2729 | D:3      | Killed Natasha
  2730 | D:3      | Reached XP level 6. HP: 34/40 MP: 6/6
  2743 | D:3      | Noticed enile's ghost (amateur OpFE)
  2778 | D:3      | Killed enile's ghost
  2779 | D:3      | Reached skill level 9 in Stealth
  3042 | D:4      | Reached XP level 7. HP: 20/45 MP: 7/7
  3795 | D:4      | Reached skill level 1 in Spellcasting
  4105 | D:4      | Reached skill level 1 in Fire Magic
  4105 | D:4      | Reached XP level 8. HP: 52/52 MP: 2/9
  4640 | D:5      | Entered Level 5 of the Dungeon
  5004 | D:5      | Reached skill level 1 in Shields
  5010 | D:5      | Reached skill level 1 in Conjurations
  5184 | D:5      | Noticed Edmund
  5193 | D:5      | Killed Edmund
  5194 | D:5      | Reached skill level 5 in Polearms
  5194 | D:5      | Reached skill level 10 in Stealth
  5237 | D:5      | Found a bloodstained altar of Trog.
  5241 | D:5      | Noticed a wizard
  5246 | D:5      | Killed a wizard
  5818 | D:6      | Noticed Blork the orc
  5825 | D:6      | Killed Blork the orc
  5826 | D:6      | Reached XP level 9. HP: 58/58 MP: 11/11
  5935 | D:6      | Found a staircase to the Ecumenical Temple.
  5956 | Temple   | Entered the Ecumenical Temple
  6005 | Temple   | Became a worshipper of Dithmenos the Shadowed
  6040 | D:6      | Found Pamuehibb's Magic Scroll Shoppe.
  6053 | D:6      | Bought a scroll of identify for 28 gold pieces
  6053 | D:6      | Bought a scroll of identify for 28 gold pieces
  6053 | D:6      | Bought a scroll of identify for 28 gold pieces
  6053 | D:6      | Bought a scroll of identify for 28 gold pieces
  6053 | D:6      | Bought a scroll of noise for 14 gold pieces
  6463 | D:6      | Found Ireizos's One-of-a-Kind Rings.
  7298 | D:7      | Reached skill level 11 in Stealth
  7375 | D:7      | Found a glowing silver altar of Zin.
  7407 | D:7      | Found a broken altar of Ashenzari.
  7566 | D:8      | Reached * piety under Dithmenos
  7581 | D:8      | Reached skill level 1 in Evocations
  8002 | D:8      | Noticed a two-headed ogre
  8342 | D:8      | Reached XP level 10. HP: 55/65 MP: 12/12
  8345 | D:8      | Reached ** piety under Dithmenos
  8507 | D:8      | Slain by a two-headed ogre

Illustrated notes

Levels and vault maps discovered:
D:1:      kennysheep_arrival_seaside, layout_loops_ring,
          ebering_ecumenical_altar_box
D:2:      layout_basic
D:3:      layout_loops_ring, mainiacjoe_overflow_24_doors,
          ebering_ghost_sewer_d, serial_shops,
          nicolae_shop_competitors_out_of_business, minivault_14,
          serial_bayou_pond_d, minmay_misc_feat_four_crosses, uniq_natasha
D:4:      layout_basic, sigmund_army
D:5:      layout_cave_pools, trog_wizard, serial_park, serial_park_gazebo
          [serial_park_minivault_5x5_1], serial_park_tiny_1, serial_park_square3
          [serial_park_minivault_5x5_5], uniq_edmund
D:6:      layout_rooms, minmay_temple_entry_glassed_door, serial_shops, shop,
          nicolae_shop_unique_rings, hex_medium, chequers_serial_rivers_room_b,
          kennysheep_nondescript, uniq_blork_the_orc
D:7:      layout_rooms, mainiacjoe_overflow_two_lobes
D:8:      lemuel_ratsnest, layout_gridville, serial_undead, serial_undead_c,
          serial_undead_f, serial_undead_e, serial_undead_b, uniq_erica
Temple:   nicolae_temple_x_marks_the_god

Skill      XL: |  1  2  3  4  5  6  7  8  9 |
---------------+----------------------------+-----
Stealth        | 6 7 8 9 10 11 | 11.5
Polearms       | 1 2 3 5 6 |  6.9
Maces & Flails | 1 2 |  2.7
Fighting       | 3 4 |  4.3
Spellcasting   | 1 |  1.7
Fire Magic     | 1 2 |  2.0
Dodging        | 2 4 |  4.4
Shields        | 2 4 |  4.2
Conjurations   | 1 |  1.0
Throwing       | 3 |  3.0
Evocations     | 1 |  1.0
Short Blades   | |  2.3

Action                   |  1- 3 |  4- 6 |  7- 9 | 10-12 || total
-------------------------+-------+-------+-------+-------++-------
Melee: Dagger            |    29 |       |       |       ||    29
       Tentacles         |    10 |     7 |    58 |     1 ||    76
       Constrict         |    13 |     8 |    57 |     2 ||    80
       Mace              |    20 |     3 |       |       ||    23
       Spear             |       |    55 |   248 |     8 ||   311
       Punch             |       |       |     3 |     1 ||     4
Throw: Dart              |       |     1 |    14 |     7 ||    22
 Cast: Foxfire           |       |     1 |     6 |       ||     7
Evoke: Wand              |       |       |     1 |       ||     1
  Use: Scroll            |       |     2 |     8 |       ||    10
 Stab: Sleeping          |    15 |     6 |    22 |       ||    43
       Distracted        |       |     1 |     4 |       ||     5
Armor: Skin              |     3 |     1 |    10 |       ||    14
Dodge: Dodged            |    16 |    28 |   105 |     1 ||   150
Block: Tower shield      |       |       |   173 |    13 ||   186
